 Dungeon Crawl Stone Soup version 0.26.1 (webtiles) character file.

Game seed: 17619797078692888337

228 sizableburger the Sneak (level 6, 0/32 HPs)
             Began as a Kobold Earth Elementalist on Feb 5, 2021.
             Killed from afar by Ijyb (24 damage)
             ... with an iceblast
             ... on level 3 of the Dungeon.
             The game lasted 00:11:03 (6899 turns).

sizableburger the Sneak (Kobold Earth Elementalist) Turns: 6899, Time: 00:11:04

Health: 0/32       AC:  2    Str:  5    XL:     6   Next: 23%
Magic:  2/9        EV: 15    Int: 19    God:
Gold:   171        SH:  0    Dex: 15    Spells: 3/9 levels left

rFire    . . .     SeeInvis .   e - +0 dagger
rCold    . . .     Faith    .   (shield restricted)
rNeg     . . .     Spirit   .   c - +0 robe
rPois    .         Reflect  .   (no helmet)
rElec    .         Harm     .   (no cloak)
rCorr    .         Rampage  .   (no gloves)
Will     .....                  (no boots)
Stlth    ++++......             (no amulet)
HPRegen  0.10/turn              (no ring)
MPRegen  0.11/turn              (no ring)

@: no status effects
A: small, nightstalker 3
a: no special abilities


You were on level 3 of the Dungeon.
You visited 1 branch of the dungeon, and saw 3 of its levels.

You collected 171 gold pieces.

Inventory:

Hand Weapons
 e - a +0 dagger (weapon)
Missiles
 b - 86 stones
Armour
 c - a +0 robe (worn)
 i - a +0 buckler
Magical Staves
 j - an uncursed staff of poison
Scrolls
 d - 3 scrolls of remove curse {unknown}
 h - a scroll of noise {unknown}
 k - a scroll of immolation {unknown}
 l - a scroll of fog {unknown}
 m - a scroll of identify {unknown}
 n - a scroll of enchant weapon {unknown}
Potions
 a - 2 potions of lignification {unknown}
 f - 2 potions of brilliance {unknown}
 g - a potion of flight {unknown}


   Skills:
 + Level 3.0 Short Blades
 - Level 2.4 Dodging
 - Level 4.4 Stealth
 - Level 2.1 Spellcasting
 + Level 1.9 Conjurations
 + Level 2.7 Transmutations
 + Level 4.0 Earth Magic


You had 3 spell levels left.
You knew the following spells:

 Your Spells              Type           Power        Failure   Level
a - Sandblast             Erth           34%          3%          1
b - Passwall              Tmut/Erth      12%          6%          2
c - Stone Arrow           Conj/Erth      26%          14%         3

Your spell library contained the following spells:

 Spells                   Type           Power        Failure   Level
 Magic Dart               Conj           36%          8%          1
 Blink                    Tloc           N/A          26%         2
 Call Imp                 Summ           2%           26%         2
 Slow                     Hex            2%           26%         2
 Conjure Flame            Conj/Fire      5%           32%         3
 Mephitic Cloud           Conj/Pois/Air  4%           36%         3
 Petrify                  Tmut/Erth      15%          38%         4
 Lee's Rapid Deconstruct  Erth           8%           65%         5


Dungeon Overview and Level Annotations

Branches:
Dungeon (3/15)

Altars:
Fedhas

Annotations:
D:3 Ijyb


Innate Abilities, Weirdness & Mutations

You are small and have problems with some larger weapons.
You are completely attuned to the shadows.


Message History

Casting: Sandblast (safe; 3% risk of failure)
Confirm with . or Enter, or press ? or * to list all spells.
The spell is quite dangerous to cast (14% risk of failure)!
Continue anyway?
Aiming: Stone Arrow (quite dangerous; 14% risk of failure)
Press: ? - help, Shift-Dir - straight line, f - Ijyb
Aim: Ijyb, wielding a +0 trident, wearing a +0 scale mail and carrying a wand of iceblast (1) (36% to evade)
The stone arrow hits Ijyb.
Ijyb is lightly wounded.
Ijyb barely misses you.
Casting: Stone Arrow (quite dangerous; 14% risk of failure)
Confirm with . or Enter, or press ? or * to list all spells.
The spell is quite dangerous to cast (14% risk of failure)!
Continue anyway?
Aiming: Stone Arrow (quite dangerous; 14% risk of failure)
Press: ? - help, Shift-Dir - straight line, f/p - Ijyb
Aim: Ijyb, wielding a +0 trident, wearing a +0 scale mail and carrying a wand of iceblast (1) (lightly wounded, 36% to evade)
The stone arrow misses Ijyb.
Ijyb closely misses you.
Ijyb zaps a wand.
The mass of ice explodes!
The iceblast engulfs you!!
Ouch! That really hurt!
You die...

#####.#####......# #.#....
#...(...#.#......# #......
#.###.#.#........# ###....
#.###.#.#.#.#....# #....
#.....#.....)....# #....
#########..##....#### #....
#.......#........# #....
#.#####.#..g.....# #....
#............@...# #....
#######..........#########....
#########......<........[.......
#..................###..........
#.(................# #..........
#..................###..........
#.............#.................
#........######..)..###.......#.
#........##.....###.# #.......##


You could see Ijyb.

Vanquished Creatures
  7 adders
  5 gnolls
  An ooze (D:2)
  A worm (D:2)
  A dart slug (D:1)
  A leopard gecko (D:3)
  3 orcs (D:3)
  A ball python (D:2)
  4 giant cockroaches
  13 goblins
  11 hobgoblins
  12 jackals
  16 kobolds
  2 quokkas
  10 bats
  6 frilled lizards
  6 rats
100 creatures vanquished.

Notes
Turn   | Place    | Note
-------+----------+-------------------------------------------
     0 | D:1      | sizableburger the Kobold Earth Elementalist began the quest
                  | for the Orb.
     0 | D:1      | Reached XP level 1. HP: 10/10 MP: 3/3
   152 | D:1      | Reached XP level 2. HP: 15/15 MP: 0/5
   350 | D:1      | Reached skill level 1 in Short Blades
   548 | D:1      | Reached XP level 3. HP: 19/19 MP: 4/6
   612 | D:1      | Learned a level 2 spell: Passwall
   616 | D:1      | Learned a level 3 spell: Stone Arrow
  1841 | D:2      | Reached XP level 4. HP: 12/24 MP: 0/7
  2254 | D:2      | Reached skill level 1 in Conjurations
  2590 | D:2      | Reached XP level 5. HP: 15/28 MP: 4/8
  3902 | D:3      | Noticed Ijyb
  4245 | D:3      | Reached XP level 6. HP: 15/32 MP: 6/9
  4564 | D:3      | Found a blossoming altar of Fedhas.
  6899 | D:3      | Killed from afar by Ijyb

Illustrated notes

Levels and vault maps discovered:
D:1:      amcnicky_arrival_single_pillar, layout_basic
D:2:      layout_loops_corners, kennysheep_generic_room_11
D:3:      layout_basic, lemuel_round_altar, serial_curves, eino_curves_02,
          eino_curves_02, uniq_ijyb

Skill      XL: |  1  2  3  4  5  6 |
---------------+-------------------+-----
Stealth        | 3 4 |  4.4
Short Blades   | 1 2 3 |  3.0
Transmutations | 2 |  2.7
Conjurations   | 1 |  1.9
Earth Magic    | 4 |  4.0
Dodging        | |  2.4
Spellcasting   | |  2.1

Action                   |  1- 3 |  4- 6 || total
-------------------------+-------+-------++-------
Melee: Short sword       |     3 |       ||     3
       Dagger            |    79 |   256 ||   335
 Cast: Sandblast         |    24 |    37 ||    61
       Stone Arrow       |     1 |    11 ||    12
 Stab: Sleeping          |    13 |    28 ||    41
Armor: Robe              |     8 |    45 ||    53
Dodge: Dodged            |    62 |   210 ||   272
